AoeStats
← SPLINTER

Arabian Desert

509579631Analyzed
1v1 RM · 5d ago on Sep 27, 2026· 46m 35s· 2 players
Game mode
Random Map
Map size
Tiny (2 player)
Population
200
Speed
Normal
Resources
Standard
Victory
Conquest
Starting age
Dark Age
Ending age
Imperial Age
RankedLock teamsTeams togetherTeam positionsShared explorationLock speedFull tech treeHidden civsTurbo modeCheats
Victory
Defeat
🇧🇬 Bulgarians · Bulgaria
1514
+14
🇧🇪 Tatars · Belgium
1469
-14
Texbi
5:40 Loom
9:24 Feudal Age
10:04 Double-Bit Axe
18:00 Bloodlines
20:19 Castle Age
19:39 Bloodlines
19:45 Fletching
20:40 Scale Barding Armor
20:29 Horse Collar
21:23 Bodkin Arrow
21:48 Crossbowman
24:32 Wheelbarrow
24:04 Husbandry
26:48 Scale Barding Armor
27:30 Wheelbarrow
27:44 Bow Saw
32:33 Chain Barding Armor
33:22 Forging
34:16 Padded Archer Armor
35:04 Ballistics
38:01 Leather Archer Armor
38:04 Hand Cart
38:00 Gold Mining
39:33 Gold Shaft Mining
39:09 Stone Mining
43:35 Imperial Age
44:16 Bracer
45:17 Chemistry
45:24 Light Cavalry
SPLINTER
7:07 Loom
9:17 Feudal Age
10:19 Double-Bit Axe
15:15 Horse Collar
17:31 Wheelbarrow
18:11 Scale Barding Armor
21:35 Castle Age
20:35 Bloodlines
20:53 Fletching
21:33 Forging
22:54 Chain Barding Armor
27:41 Bow Saw
31:09 Heavy Plow
33:34 Town Watch
34:59 Husbandry
35:42 Scale Mail Armor
37:08 Hand Cart
41:15 Imperial Age
39:31 Chain Mail Armor
39:04 Gambesons
39:20 Squires
39:08 Gambesons
40:59 Iron Casting
41:13 Town Patrol
42:35 Plate Barding Armor
41:22 Cavalier
45:29 Stirrups
47:43 Crop Rotation
Connection lost

Rejoining the realm…

Still unreachable

The connection could not be restored.

Session expired

The server has moved on; the page needs a fresh start.